 Dungeon Crawl Stone Soup version 0.22.1-1-ga44c0e5 (webtiles) character file.

47 Monsterracer the Sneak (level 3, 0/25 HPs)
             Began as a Halfling Assassin on Sept 27, 2018.
             Succumbed to an adder's poison
             ... on level 2 of the Dungeon.
             The game lasted 00:02:11 (1407 turns).

Monsterracer the Sneak (Halfling Assassin)          Turns: 1407, Time: 00:02:11

Health: 0/25       AC:  5    Str: 16 (17) XL:     3   Next: 97%
Magic:  3/3        EV: 13    Int:  8 (10) God:    Xom [..*...]
Gold:   39         SH:  0    Dex: 12 (15) Spells: 2/2 levels left

rFire    . . .     SeeInvis .   a - +2 dagger
rCold    . . .     Gourm    .   (shield restricted)
rNeg     . . .     Faith    .   m - +0 troll leather armour
rPois    .         Spirit   .   (no helmet)
rElec    .         Reflect  .   d - +0 cloak
rCorr    .         Harm     .   (no gloves)
MR       .....                  (no boots)
Stlth    ++........             (no amulet)
HPRegen  0.48/turn              (no ring)
MPRegen  0.08/turn              (no ring)

@: mighty, lethally poisoned (0 -> 0)
A: small, mutation resistance 1
a: Renounce Religion


You were on level 2 of the Dungeon.
You worshipped Xom.
You were a toy of Xom.
You were hungry.

You visited 1 branch of the dungeon, and saw 2 of its levels.

You collected 39 gold pieces.

Inventory:

Hand Weapons
 a - a +2 dagger (weapon)
 b - a +0 blowgun
Missiles
 f - a curare-tipped needle
Armour
 d - a +0 cloak (worn)
 m - a +0 troll leather armour (worn)
Scrolls
 i - 2 scrolls of teleportation {unknown}
 j - 4 scrolls of identify {unknown}
 l - 2 scrolls of remove curse {unknown}
Comestibles
 c - 5 rations


   Skills:
 + Level 2.4 Fighting
 * Level 4.1 Short Blades
 - Level 2.0 Throwing
 - Level 1.1 Dodging
 - Level 4.3 Stealth


You had 2 spell levels left.
You didn't know any spells.
Your spell library was empty.

Dungeon Overview and Level Annotations

Branches:
Dungeon (2/15)

Altars:
Xom


Innate Abilities, Weirdness & Mutations

You are small and have problems with some larger weapons.
You are somewhat resistant to further mutation.


Message History

You shoot a poisoned needle.
The poisoned needle closely misses the adder.
You feel sick. The adder closely misses you. The adder misses you.
You take 1 damage, and have 15/25 hp.
Firing (i - inventory. (/) - cycle)
e - 6 poisoned needles (quivered)
Press: ? - help, Shift-Dir - straight line, f/p - adder
Aim: an adder (moderately wounded)
You shoot a poisoned needle.
The poisoned needle completely misses the adder.
The adder barely misses you.
Firing (i - inventory. (/) - cycle)
e - 5 poisoned needles (quivered)
Press: ? - help, Shift-Dir - straight line, f/p - adder
Aim: an adder (moderately wounded)
You shoot a poisoned needle.
The poisoned needle closely misses the adder.
You feel sick. The adder bites you.
* * * LOW HITPOINT WARNING * * *
You are more poisoned.
The adder poisons you!
You take 5 damage, and have 11/25 hp.
Unknown command.
Firing (i - inventory. (/) - cycle)
e - 4 poisoned needles (quivered)
Press: ? - help, Shift-Dir - straight line, f/p - adder
Aim: an adder (moderately wounded)
You shoot a poisoned needle.
The poisoned needle barely misses the adder.
You feel sick. The adder closely misses you.
Firing (i - inventory. (/) - cycle)
e - 3 poisoned needles (quivered)
Press: ? - help, Shift-Dir - straight line, f/p - adder
Aim: an adder (moderately wounded)
You shoot a poisoned needle.
The poisoned needle barely misses the adder.
You feel sick. The adder bites you but does no damage.
You take 1 damage, and have 10/25 hp.
Firing (i - inventory. (/) - cycle)
e - 2 poisoned needles (quivered)
Press: ? - help, Shift-Dir - straight line, f/p - adder
Aim: an adder (moderately wounded)
You shoot a poisoned needle.
The poisoned needle barely misses the adder.
The adder bites you.
* * * LOW HITPOINT WARNING * * *
The adder bites you.
* * * LOW HITPOINT WARNING * * *
You are lethally poisoned!
The adder poisons you!
You take 4 damage, and have 6/25 hp.
It was a potion of might.
You feel very mighty all of a sudden.
Xom thinks this is hilarious!
* * * LOW HITPOINT WARNING * * *
You feel sick. The adder bites you but does no damage.
You take 2 damage, and have 4/25 hp.
It was a potion of degeneration.
There was something very wrong with that liquid.
You feel weakened.
You feel dopey.
You feel clumsy.
Xom thinks this is hilarious!
* * * LOW HITPOINT WARNING * * *
You feel sick. The adder barely misses you.
Unknown command.
Firing (i - inventory. (/) - cycle)
e - a poisoned needle (quivered)
Press: ? - help, Shift-Dir - straight line, f/p - adder
Aim: an adder (moderately wounded)
You shoot a poisoned needle.
The poisoned needle closely misses the adder.
* * * LOW HITPOINT WARNING * * *
You feel sick. The adder completely misses you.
You take 1 damage, and have 3/25 hp.
Firing (i - inventory)
f - 2 curare-tipped needles (quivered)
Press: ? - help, Shift-Dir - straight line, f/p - adder
Aim: an adder (moderately wounded)
You shoot a curare-tipped needle.
The curare-tipped needle hits the adder.
The adder is poisoned.
The adder convulses.
The adder seems to slow down.
The adder is almost dead.
* * * LOW HITPOINT WARNING * * *
You feel sick. The adder bites you but does no damage.
You take 1 damage, and have 2/25 hp.
a - a +2 dagger (weapon)
The adder misses you.
You completely miss the adder.
The adder is almost dead.
* * * LOW HITPOINT WARNING * * *
You feel sick.
You take 1 damage, and have 2/25 hp.
You puncture the adder!
You kill the adder!
* * * LOW HITPOINT WARNING * * *
You feel sick.
Things that are here:
a curare-tipped needle; an adder corpse
* * * LOW HITPOINT WARNING * * *
You feel sick.
You take 1 damage, and have 1/25 hp.
* * * LOW HITPOINT WARNING * * *
You feel sick.
Found a quarterstaff.
* * * LOW HITPOINT WARNING * * *
You feel sick.
You die...
Xom giggles madly!

.......... ##)..##
#......#
.....#####.....#
##..............#
#...... #.....## # #
#.....# #......###
#..##.....# #.#...#...
#.........#####.##.#####
#.(@....(...##.# #
#..##..........# # ##.
#.#######..##### #. #.#
#....... #. #.# #.#####.
.. ..# #.# #. #. ### #.#
#. #. #.## ##. #..###..


There were no monsters in sight!

Vanquished Creatures
  An adder (D:2)
  4 dart slugs
  2 leopard geckos (D:1)
  A giant cockroach (D:1)
  2 hobgoblins (D:1)
  2 jackals (D:2)
  4 kobolds
  A quokka (D:2)
  3 bats (D:1)
  3 frilled lizards (D:1)
  4 goblins (D:1)
  2 rats (D:1)
29 creatures vanquished.

Notes
Turn   | Place    | Note
-------+----------+-------------------------------------------
     0 | D:1      | Monsterracer the Halfling Assassin began the quest for the
                  | Orb.
     0 | D:1      | Reached XP level 1. HP: 14/14 MP: 1/1
    82 | D:1      | Reached XP level 2. HP: 19/19 MP: 2/2
   639 | D:1      | Found a snail-covered altar of Cheibriados.
   641 | D:1      | Found a hide-covered altar of Uskayaw.
   641 | D:1      | Found an ornate altar of the Wu Jian Council.
   643 | D:1      | Found a bloodstained altar of Trog.
   643 | D:1      | Found a shimmering altar of Xom.
   643 | D:1      | Found a sacrificial altar of Ru.
   661 | D:1      | Became a worshipper of Xom of Chaos
   745 | D:1      | XOM: divination: detect items
   827 | D:1      | Reached XP level 3. HP: 24/24 MP: 3/3
  1391 | D:2      | HP: 11/25 [adder (4)]
  1395 | D:2      | HP: 4/25 [poisoned by an adder]
  1400 | D:2      | HP: 2/25 [poisoned by an adder]
  1406 | D:2      | HP: 1/25 [poisoned by an adder]
  1407 | D:2      | Succumbed to an adder's poison

Skill      XL: |  1  2  3 |
---------------+----------+-----
Fighting       | 2 |  2.4
Short Blades   | 3 4 |  4.1
Throwing       | |  2.0
Dodging        | |  1.1
Stealth        | |  4.3

Action                   || total
-------------------------++-------
Melee: Dagger            ||   110
 Fire: Blowgun           ||     9
  Use: Potion            ||     2
 Stab: Sleeping          ||     7
  Eat: Chunk             ||     1
Armor: Robe              ||    24
       Troll leather arm ||     4
Dodge: Dodged            ||    75

Vault maps used:
D:1:      lightli_arrival_chessboard, doesnt_xom_only_xom
